 Dungeon Crawl Stone Soup version 0.18-a0-1300-g6e8322c (webtiles) character file.

106 Duffy the Insei (level 4, -8/28 HPs)
             Began as an Octopode Transmuter on Feb 11, 2016.
             Killed by divine providence
             ... invoked by an orc priest
              (10 damage)
             ... on level 4 of the Dungeon.
             The game lasted 00:03:42 (3426 turns).

Duffy the Insei (Octopode Transmuter)               Turns: 3426, Time: 00:03:42

Health: -8/28      AC:  2    Str: 10    XL:     4   Next: 84%
Magic:  5/8        EV: 14    Int: 15    God:
Gold:   158        SH:  0    Dex: 17    Spells: 3 memorised, 2 levels left

rFire  . . .     SeeInvis .       - Unarmed
rCold  . . .     Gourm    .     (shield currently unavailable)
rNeg   . . .     Faith    .     (helmet currently unavailable)
rPois  x         Spirit   .     (no amulet)
rElec  .         Dismiss  .     (no ring)
rCorr  .         Reflect  .     (no ring)
SustAt .         Harm     .     (no ring)
MR     .....                    (no ring)
Stlth  ++........               (no ring)
                                (no ring)
                                (no ring)
                                (no ring)

@: spider-form (expiring), not resistant to hostile enchantments, unstealthy
A: almost no armour, amphibious, 8 rings, (constrict 8), (camouflage 0),
(gelatinous body 0)
a: End Transformation


You were on level 4 of the Dungeon.
You were hungry.
You were a venomous arachnid creature.
You visited 1 branch of the dungeon, and saw 4 of its levels.

You collected 158 gold pieces.


Innate Abilities, Weirdness & Mutations

You cannot wear most types of armour.
You are amphibious.
You can wear up to eight rings at the same time.
((You can use your tentacles to constrict eight enemies at once.))
((Your skin changes colour to match your surroundings (Stealth).))
((Your rubbery body absorbs attacks (AC +1).))


   Skills:
 - Level 1.0 Fighting
 - Level 2.0 Dodging
 * Level 4.2 Unarmed Combat
 + Level 2.7 Spellcasting
 + Level 3.0 Transmutations


You had 2 spell levels left.
You knew the following spells:

 Your Spells              Type           Power        Failure   Level  Hunger
a - Beastly Appendage     Trmt           ##....       21%         1    #......
b - Sticks to Snakes      Trmt           ##......     28%         2    ##.....
l - Spider Form           Trmt/Pois      #.........   56%         3    ###....

Inventory:

Missiles
 a - 12 arrows
 n - 35 poisoned needles
 o - a throwing net (quivered)
Scrolls
 e - a scroll of enchant weapon {unknown}
 f - 4 scrolls of identify
 g - 4 scrolls of remove curse
 h - 3 scrolls of amnesia {unknown}
 i - 5 scrolls of teleportation
 r - 2 scrolls of immolation {unknown}
Potions
 k - a potion of ambrosia
 l - a potion of might
 p - a potion of berserk rage
Books
 b - a book of Changes
Comestibles
 c - 2 bread rations
 j - 4 meat rations
 m - a beef jerky

Dungeon Overview and Level Annotations

Branches:
Dungeon (4/15)
 Temple: D:4-7

Altars:
Fedhas
Kikubaaqudgha
Makhleb
Pakellas
Xom

Annotations:
D:4 Dig


Message History

No target in view!
You are feeling hungry.
A giant cockroach comes up the stairs.
You barely miss the giant cockroach. Your grab misses the giant cockroach.
You squeeze the giant cockroach.
You kill the giant cockroach!
No target in view!
No target in view!
HP restored.
Done exploring.
Cast which spell? (? or * to list)
You turn into a venomous arachnid creature.
You climb downwards.
Level annotation: Dig
There is a stone staircase leading up, spattered with blood here.
You barely miss the orc priest.
The orc priest mumbles some strange prayers to Beogh against you.
Something smites you!
Ouch! That really hurt!
You hear an angry hiss.
You are too injured to fight recklessly!
You are too injured to fight recklessly!
You are too injured to fight recklessly!
You barely miss the orc priest.
Your transformation is almost over.
The orc priest calls down the wrath of Beogh upon you.
Something smites you!
You hit the orc priest but do no damage.
The orc priest is poisoned.
The orc priest misses you.
You barely miss the orc priest.
You hit the orc priest but do no damage.
The orc priest closely misses you.
The orc priest invokes the aid of Beogh against you.
Something smites you!
You die...

.....o.o...^........#?!!
##########o...#.....#$?=
.......'....#.....####
########....#.#+......
##o#.#.#.......
#.#.#.#.##.###
#####.#.#......#
#...l.#.#.########
#so...#...........
#....####.########
#....+...........
#....####.####### #....#
#.# ###### #.. #.# ###
###########


You could see an iguana and an orc priest.

Action                   |  1- 3 |  4- 6 || total
-------------------------+-------+-------++-------
Melee: Unarmed           |    91 |    26 ||   117
 Cast: Spider Form       |       |     2 ||     2
  Use: Scroll            |     7 |       ||     7
       Potion            |     1 |       ||     1
 Stab: Sleeping          |    10 |     2 ||    12
       Distracted        |     1 |       ||     1
  Eat: Chunk             |     5 |     2 ||     7

Notes
Turn   | Place    | Note
--------------------------------------------------------------
     0 | D:1      | Duffy the Octopode Transmuter began the quest for the Orb.
     0 | D:1      | Reached XP level 1. HP: 13/13 MP: 3/3
   191 | D:1      | Reached XP level 2. HP: 18/18 MP: 5/5
   514 | D:1      | Reached XP level 3. HP: 23/23 MP: 6/6
   518 | D:1      | Learned a level 2 spell: Sticks to Snakes
   522 | D:1      | Learned a level 3 spell: Spider Form
   802 | D:2      | Found a blossoming altar of Fedhas.
   953 | D:2      | Found an ancient bone altar of Kikubaaqudgha.
  1439 | D:2      | Found a burning altar of Makhleb.
  1441 | D:2      | Found a shimmering altar of Xom.
  1837 | D:2      | Found an oddly glowing altar of Pakellas.
  2757 | D:4      | Reached XP level 4. HP: 24/28 MP: 7/7
  2925 | D:4      | Reached skill level 4 in Unarmed Combat
  2998 | D:4      | Reached skill level 3 in Transmutations
  3426 | D:4      | Killed from afar by an orc priest

Vault maps used:
D:1:      lemuel_arrival_funnel
D:2:      lemuel_upstairs_altar, nicolae_overflow_hidden_temple,
          nicolae_overflow_crystal_walls, lemuel_round_altar, first_bread
D:4:      due_unseen_surprise, uniq_pikel

Vanquished Creatures
  A hound
  2 adders
  A worm
  A giant gecko
  3 orcs
  7 bats
  4 giant cockroaches
  5 goblins
  4 hobgoblins
  3 jackals
  7 kobolds
  2 quokkas
  3 ball pythons
  3 giant newts
  4 rats
50 creatures vanquished.
